 Dungeon Crawl Stone Soup version 0.25.1-2-g60ff931df9 (webtiles) character file.

Game seed: 3613902257559987659

58 Mitsuki the Ruffian (level 4, -9/38 HPs)
             Began as a Ghoul Monk on Aug 3, 2020.
             Mangled by an ogre
             ... wielding a +0 giant club
              (18 damage)
             ... on level 1 of the Dungeon.
             The game lasted 00:03:12 (1050 turns).

Mitsuki the Ruffian (Ghoul Monk)                    Turns: 1050, Time: 00:03:13

Health: -9/38      AC:  2    Str: 14    XL:     4   Next: 2%
Magic:  3/3        EV: 13    Int:  5    God:
Gold:   72         SH:  0    Dex: 12    Spells: 3/3 levels left

rFire    . . .     SeeInvis .     - Unarmed
rCold    + . .     Gourm    .   (no shield)
rNeg     + + +     Faith    .   a - +0 robe
rPois    ∞         Spirit   .   (no helmet)
rElec    .         Reflect  .   (no cloak)
rCorr    .         Harm     .   (no gloves)
MR       .....                  (no boots)
Stlth    ++........             (no amulet)
HPRegen  0.00/turn              (no ring)
MPRegen  0.08/turn              (no ring)

@: rotting
A: rotting body, claws 1, carnivore, cold resistance 1, negative energy
resistance 3, inhibited regeneration, torment resistance, unbreathing
a: no special abilities


You were on level 1 of the Dungeon.
You were not hungry.

You visited 1 branch of the dungeon, and saw 2 of its levels.

You collected 72 gold pieces.

Inventory:

Armour
 a - a +0 robe (worn)
 i - a +1 pair of gloves
Scrolls
 d - a scroll of fear {unknown}
 e - 2 scrolls of amnesia {unknown}
 h - 2 scrolls of identify {unknown}
 k - a scroll of teleportation {unknown}
Potions
 f - a potion of brilliance {unknown}
 g - a potion of might {unknown}
 j - a potion of degeneration {unknown}
Comestibles
 b - 6 rations
 c - 5 chunks of flesh


   Skills:
 - Level 3.2 Fighting
 - Level 2.6 Dodging
 - Level 2.1 Stealth
 + Level 5.2 Unarmed Combat


You had 3 spell levels left.
You didn't know any spells.
Your spell library was empty.

Dungeon Overview and Level Annotations

Branches:
Dungeon (2/15)

Altars:
The Shining One


Innate Abilities, Weirdness & Mutations

Your body is rotting away.
You thrive on raw meat.
You are immune to poison.
You have sharp fingernails.
You are carnivorous and can eat meat at any time.
Your flesh is cold resistant. (rC+)
You are immune to negative energy. (rN+++)
You do not regenerate when monsters are visible.
You are immune to unholy pain and torment.
You can survive without breathing.


Message History

You take 25 damage, and have 2/37 hp.
MASSIVE DAMAGE!!
Eat one of 7 chunks of flesh? (ye/n/q)
Okay, then.
Eat one of 7 chunks of flesh? (ye/n/q)
You eat one of the 7 chunks of flesh.
You feel more resilient.
This raw flesh tastes great!
You regained 8 hp, and now have 10/38 hp.
There is a fountain of clear blue water here.
The ogre closely misses you.
Eat one of 6 chunks of flesh? (ye/n/q)
You eat one of the 6 chunks of flesh.
This raw flesh tastes great!
You regained 8 hp, and now have 18/38 hp.
There is a stone staircase leading up here.
The ogre hits you with a +0 giant club!
* * * LOW HITPOINT WARNING * * *
You climb upwards.
There is a stone staircase leading down here.
You take 9 damage, and have 9/38 hp.
MASSIVE DAMAGE!!
The ogre hits you with a +0 giant club!!
You die...

#########
#####.......######
#...'.......'..÷).
#######@###.......#####.
#.....O>..+.......#####.
#.#########..........##.
#.# #..........##. #.#
#).........### #.#
#..........# # #.#
#######....# # #.#
##'### # #.# #.#####


You could see an ogre.

Vanquished Creatures
  2 adders (D:2)
  A worm (D:2)
  A dart slug (D:1)
  2 giant cockroaches (D:2)
  7 goblins
  3 hobgoblins (D:1)
  5 bats
  3 frilled lizards
  7 kobolds
  7 rats
38 creatures vanquished.

Notes
Turn   | Place    | Note
-------+----------+-------------------------------------------
     0 | D:1      | Mitsuki the Ghoul Monk began the quest for the Orb.
     0 | D:1      | Reached XP level 1. HP: 19/19 MP: 0/0
   257 | D:1      | Reached XP level 2. HP: 24/26 MP: 1/1
   321 | D:1      | Reached skill level 4 in Unarmed Combat
   870 | D:2      | Reached XP level 3. HP: 31/31 MP: 2/2
   948 | D:2      | Found a glowing golden altar of the Shining One.
   985 | D:2      | Reached skill level 5 in Unarmed Combat
  1019 | D:2      | Reached XP level 4. HP: 38/38 MP: 3/3
  1025 | D:2      | Noticed an ogre
  1050 | D:1      | Mangled by an ogre

Illustrated notes

Levels and vault maps discovered:
D:1:      wander_arrival_fairy_ring, layout_basic
D:2:      layout_basic, overflow_temple_1_default, minmay_heptomino_h4

Skill      XL: |  1  2  3 |
---------------+----------+-----
Unarmed Combat | 4 5 |  5.2
Fighting       | |  3.2
Dodging        | |  2.6
Stealth        | |  2.1

Action                   |  1- 3 |  4- 6 || total
-------------------------+-------+-------++-------
Melee: Unarmed           |    88 |     8 ||    96
       Punch             |     3 |       ||     3
 Stab: Sleeping          |     1 |       ||     1
  Eat: Chunk             |     8 |     2 ||    10
Armor: Robe              |    14 |       ||    14
Dodge: Dodged            |    62 |     7 ||    69
